 Dungeon Sprint DCSS version 0.18-a0-1655-ge2d8d33 (webtiles) character file.

14200000 namelastname112 the Plane Walker (level 27, -125/149 HPs)
             Began as a Felid Warper on Mar 30, 2016.
             Was the Champion of Makhleb.
             Annihilated by a fleshlord
             ... wielding a +9 great mace
              (274 damage)
             ... in the Dungeon (Sprint VIII: "Arena of Blood").
             The game lasted 00:02:46 (142 turns).

namelastname112 the Plane Walker (Felid Warper)      Turns: 142, Time: 00:02:47

Health: -125/149   AC:  3    Str:  7    XL:     27
Magic:  55/55      EV: 46    Int: 16    God:    Makhleb [******]
Gold:   0          SH:  0    Dex: 27    Spells: 2 memorised, 77 levels left
                                        Lives:  0   Deaths: 4

rFire  . . .     SeeInvis +       - Unarmed
rCold  + . .     Gourm    .     (armour unavailable)
rNeg   . . .     Faith    .     (shield unavailable)
rPois  .         Spirit   .     (helmet unavailable)
rElec  .         Dismiss  .     (cloak unavailable)
rCorr  .         Reflect  .     (gloves unavailable)
SustAt .         Harm     .     (boots unavailable)
MR     ++++.     NoTele   +     (no amulet)
Stlth  ++++++++++               (no ring)
                                i - +27000 ring of slaying

@: quick, incredibly resistant to hostile enchantments, uncannily stealthy
A: no armour, no weapons or thrown items, claws 1, fangs 3, see invisible,
carnivore 3, speed 1, shaggy fur 3, slow metabolism 1, sharp paws
a: Minor Destruction, Lesser Servant of Makhleb, Major Destruction, Greater
Servant of Makhleb, Renounce Religion


You were in the Dungeon.
You worshipped Makhleb.
Makhleb was exalted by your worship.
You were not hungry.

You visited 1 branch

Inventory:

Jewellery
 i - a +27000 ring of slaying (left paw)
Scrolls
 b - 2 scrolls of blinking
Potions
 d - a potion of curing
 e - a potion of heal wounds
 f - a potion of haste
 g - 2 potions of magic
 h - a potion of berserk rage
Books
 a - a book of Spatial Translocations

   Spells                             Type                      Level
   a - Apportation                    Translocation                1
   b - Blink                          Translocation                2
   c - Shroud of Golubria             Charms/Translocation         2
   d - Portal Projectile              Translocation                3
   e - Teleport Other                 Translocation                3
   f - Passage of Golubria            Translocation                4
Comestibles
 c - a meat ration


   Skills:
 O Level 27 Fighting
 O Level 27 Dodging
 O Level 27 Stealth
 O Level 27 Unarmed Combat
 O Level 27 Spellcasting
 O Level 27 Translocations
 O Level 27 Invocations


You had 77 spell levels left.
You knew the following spells:

 Your Spells              Type           Power        Failure   Level  Hunger
a - Apportation           Tloc           #######...   0%          1    None
b - Blink                 Tloc           N/A          0%          2    None


Dungeon Overview and Level Annotations

Branches:
Dungeon (1/1)

Altars:
Makhleb


Innate Abilities, Weirdness & Mutations

You cannot wear armour.
You are incapable of wielding weapons or throwing items.
You have sharp claws.
You have razor-sharp teeth.
You have supernaturally acute eyesight.
You are carnivorous and can eat meat at any time.
You cover ground quickly.
Your thick and shaggy fur keeps you warm (AC +3, rC+).
You have a slow metabolism.
Your sharp claws are effective at attacking unaware monsters.


Message History

You eviscerate the sculptor of flesh!!!!!!!!!!!!
You destroy the sculptor of flesh!
Makhleb accepts your kill.
You feel better.
You hear a shout! x2
The destroyer blinks!
You hear a shout!
Two crawling corpses merge to form a small abomination.
You hear a shout!
The accursed casts a spell at you. Something smites you!
You eviscerate the scourge!!!!!!!!!!!!
You kill the scourge!
Makhleb accepts your kill.
You feel better.
You hear a shout! x3
The small abomination barely misses you.
The fleshlord hits you with a +9 great mace!!!!!
Ouch! That really hurt!
You die...

#z... .# .. #.%M ..#
...###..o ..O###....
........###..%......
#.....Mx._..C.%..... .
#)W).%#....... ...
#_)V._#....... G
.....#%p)%o#......#.#
#W.....x@oo.xWxL.....o
........###CXW%L....#V
...###.....X%###xLL......
.. #.....X%#†§M.%......
#......o#))M.......
.....LXCox.C......
....p...zCooO#G..#
........X%.V#xo..#
.........##OX)Vo#


You could see an accursed, 2 tyrants, a destroyer, a fleshlord, 2 large bags of
meat, a large abomination, 3 wretched souls, a dread, a meat berserker
(berserk), 2 small abominations, 3 bags of meat and 2 crawling corpses.

Vanquished Creatures
  A hell knight (D)
  6 hell beasts (D)
  3 greater mummies (D)
  2 great orbs of eyes (D)
  4 wraiths (D)
  7 vampire knights (D)
  26 ogres (D)
  3 liches (D)
  2 hydras (D)
  36 orcs (D)
  A phantom (D)
  7 hill giants (D)
  4 skeletal warriors (D)
  3 sea snakes (D)
  A large abomination (D)
  2 small abominations (D)
108 creatures vanquished.

Vanquished Creatures (others)
  An ogre (D)
  6 orcs (D)
  2 large abominations (D)
  2 crawling corpses (D)
11 creatures vanquished.

Grand Total: 119 creatures vanquished

Notes
Turn   | Place    | Note
--------------------------------------------------------------
     0 | D        | namelastname112 the Felid Warper began the quest for the Orb.
     0 | D        | Reached XP level 1. HP: 9/9 MP: 4/4
     4 | D        | Noticed a bag of meat
     4 | D        | Became a worshipper of Makhleb the Destroyer
     5 | D        | Noticed a bag of meat
     6 | D        | Noticed a bag of meat
     7 | D        | Noticed a meat berserker
     8 | D        | Killed a meat berserker
     8 | D        | Reached skill level 27 in Translocations
     8 | D        | Reached XP level 2. HP: 22/22 MP: 4/17
     8 | D        | Reached XP level 3. HP: 26/26 MP: 4/18
     8 | D        | Reached XP level 4. HP: 30/30 MP: 4/20
     8 | D        | Reached XP level 5. HP: 34/34 MP: 4/21
     8 | D        | Gained mutation: You are covered in thick fur (AC +2). [Felid growth]
     8 | D        | Reached XP level 6. HP: 37/37 MP: 4/23
     8 | D        | Reached XP level 7. HP: 41/41 MP: 4/24
     8 | D        | Reached XP level 8. HP: 45/45 MP: 4/26
     8 | D        | Reached XP level 9. HP: 49/49 MP: 4/27
     8 | D        | Reached XP level 10. HP: 53/53 MP: 4/28
     8 | D        | Reached XP level 11. HP: 57/57 MP: 4/29
     8 | D        | Gained mutation: Your thick and shaggy fur keeps you warm (AC +3, rC+). [Felid growth]
     8 | D        | Reached XP level 12. HP: 60/60 MP: 4/30
     8 | D        | Reached XP level 13. HP: 64/64 MP: 4/31
     9 | D        | Noticed a meat berserker
     9 | D        | Noticed a bag of meat
    11 | D        | Noticed a bag of meat
    11 | D        | Killed a bag of meat
    11 | D        | Reached * piety under Makhleb
    12 | D        | Killed a bag of meat
    12 | D        | Reached skill level 15 in Fighting
    12 | D        | Reached skill level 15 in Unarmed Combat
    12 | D        | Reached XP level 14. HP: 73/73 MP: 4/35
    13 | D        | Noticed a bag of meat
    13 | D        | Killed a meat berserker
    13 | D        | Reached ** piety under Makhleb
    13 | D        | Reached XP level 15. HP: 80/80 MP: 4/38
    14 | D        | Noticed a meat berserker
    14 | D        | Reached skill level 27 in Dodging
    15 | D        | Noticed a meat berserker
    15 | D        | Reached *** piety under Makhleb
    18 | D        | Killed a meat berserker
    18 | D        | Reached XP level 16. HP: 92/92 MP: 5/43
    20 | D        | Noticed a meat berserker
    20 | D        | Noticed a meat berserker
    21 | D        | Noticed a meat berserker
    21 | D        | Killed a meat berserker
    21 | D        | Reached **** piety under Makhleb
    21 | D        | Reached skill level 5 in Stealth
    21 | D        | Reached XP level 17. HP: 100/100 MP: 6/47
    22 | D        | Noticed a meat berserker
    23 | D        | Noticed a destroyer
    25 | D        | Reached ***** piety under Makhleb
    25 | D        | Reached skill level 27 in Fighting
    25 | D        | Reached skill level 27 in Unarmed Combat
    25 | D        | Reached skill level 27 in Spellcasting
    25 | D        | Reached XP level 18. HP: 109/109 MP: 7/50
    26 | D        | Killed a meat berserker
    26 | D        | Reached skill level 27 in Stealth
    27 | D        | Killed a meat berserker
    27 | D        | Reached XP level 19. HP: 76/113 MP: 7/51
    28 | D        | Killed a meat berserker
    29 | D        | Reached skill level 27 in Invocations
    30 | D        | Killed a meat berserker
    30 | D        | Reached ****** piety under Makhleb
    30 | D        | Reached XP level 20. HP: 118/118 MP: 8/52
    33 | D        | Noticed a meat berserker
    34 | D        | Noticed a destroyer
    34 | D        | Killed a meat berserker
    37 | D        | Reached XP level 21. HP: 122/122 MP: 9/53
    38 | D        | Killed a destroyer
    45 | D        | Noticed a destroyer
    45 | D        | Learned a level 2 spell: Blink
    45 | D        | Reached XP level 22. HP: 127/127 MP: 11/54
    48 | D        | Killed a destroyer
    49 | D        | Killed a destroyer
    49 | D        | Reached XP level 23. HP: 112/131 MP: 12/55
    51 | D        | Noticed a tyrant
    54 | D        | Noticed a destroyer
    56 | D        | Reached XP level 24. HP: 114/136 MP: 13/55
    60 | D        | Noticed an accursed
    63 | D        | Noticed a destroyer
    63 | D        | Killed a tyrant
    63 | D        | Reached XP level 25. HP: 140/140 MP: 14/55
    64 | D        | Noticed a destroyer
    66 | D        | Noticed a tyrant
    68 | D        | Noticed an accursed
    69 | D        | Noticed a dread
    70 | D        | Reached XP level 26. HP: 138/145 MP: 15/55
    72 | D        | Noticed a meat beast
    73 | D        | Killed a destroyer
    77 | D        | Noticed a meat beast
    78 | D        | Killed a tyrant
    79 | D        | Noticed a dread
    79 | D        | Reached XP level 27. HP: 140/149 MP: 17/55
    80 | D        | Noticed a destroyer
    81 | D        | Killed an accursed
    83 | D        | HP: 6/149 [large bag of meat/exploding inner flame (35)]
    84 | D        | Noticed a meat beast
    85 | D        | Noticed a meat beast
    85 | D        | Noticed a meat beast
    85 | D        | Killed a meat beast
    86 | D        | Noticed a dread
    86 | D        | Noticed an accursed
    86 | D        | Killed a destroyer
    87 | D        | Killed a meat beast
    87 | D        | Noticed a meat beast
    88 | D        | Killed a meat beast
    89 | D        | Noticed a destroyer
    90 | D        | Killed a meat beast
    91 | D        | Killed a dread
    92 | D        | Killed a meat beast
    93 | D        | Killed a destroyer
    94 | D        | Killed a meat beast
    94 | D        | Slain by a bag of meat
    95 | D        | Noticed an accursed
    99 | D        | Noticed a tyrant
   106 | D        | Killed a tyrant
   107 | D        | Killed an accursed
   109 | D        | Noticed a destroyer
   109 | D        | Killed an accursed
   114 | D        | Noticed a dread
   117 | D        | Slain by a meat berserker
   118 | D        | Noticed a dread
   118 | D        | Noticed a tyrant
   121 | D        | Noticed a dread
   123 | D        | Killed a dread
   125 | D        | Noticed a destroyer
   125 | D        | Noticed an accursed
   125 | D        | Noticed a fleshlord
   125 | D        | Noticed a fleshlord
   127 | D        | Killed a destroyer
   128 | D        | Killed a fleshlord
   128 | D        | Demolished by a meat berserker
   129 | D        | Noticed a tyrant
   130 | D        | Noticed an accursed
   134 | D        | Noticed a tyrant
   135 | D        | Noticed a fleshlord
   136 | D        | Noticed a dread
   136 | D        | Annihilated by a bag of meat
   138 | D        | Noticed a fleshlord
   139 | D        | Killed a dread
   140 | D        | Killed a dread
   142 | D        | Annihilated by a fleshlord

Vault maps used:
D:        meatsprint

Skill      XL: |  1  2  3  4  5  6  7  8  9 10 11 12 13 14 15 16 17 18 19 |
---------------+----------------------------------------------------------+-----
Fighting       | 11 15 17 22 24 27 | 27.0
Dodging        | 19 23 26 27 | 27.0
Unarmed Combat | 11 15 17 21 24 27 | 27.0
Spellcasting   | 13 16 18 22 25 27 | 27.0
Translocations | 27 | 27.0
Stealth        | 5 12 27 | 27.0
Invocations    | 19 27 | 27.0

Action                   |  1- 3 |  4- 6 |  7- 9 | 10-12 | 13-15 | 16-18 | 19-21 | 22-24 | 25-27 || total
-------------------------+-------+-------+-------+-------+-------+-------+-------+-------+-------++-------
Melee: Unarmed           |     1 |       |       |       |     6 |     7 |    13 |    18 |    68 ||   113
 Stab: Distracted        |       |       |       |       |       |       |       |       |     1 ||     1
